 Seeded DCSS version 0.30-a0-137-gd8773701ce (webtiles) character file.

Game seed: 15341116380789652165 (custom seed)

87 SigmundSlayer the Chiller (level 4, -1/32 HPs)
             Began as a Demonspawn Ice Elementalist on Sept 21, 2022.
             Killed by a volley of thorns (17 damage)
             ... invoked by the enmity of Fedhas Madash
             ... on level 3 of the Dungeon.
             The game lasted 00:03:06 (3016 turns).

SigmundSlayer the Chiller (DsIE)                    Turns: 3016, Time: 00:03:07

Health: -1/32      AC:  3    Str:  9    XL:     4   Next: 28%
Magic:  8/8        EV: 11    Int: 20    God:
Gold:   120        SH:  6    Dex: 13    Spells: 2/9 levels left

rFire   . . .      SeeInvis .    c - +0 short sword
rCold   . . .      Faith    .    i - +2 buckler
rNeg    . . .      Spirit   .    a - +0 robe
rPois   .          Reflect  .    (no helmet)
rElec   .          Harm     .    o - +0 cloak
rCorr   .          Rampage  .    (no gloves)
Will    .....                    (no boots)
Stlth   ++........               (no amulet)
HPRegen 0.10/turn                (no ring)
MPRegen 0.22/turn                (no ring)

@: no status effects
A: demonic guardian 1, magic regeneration, big brain 1
a: no special abilities


You were on level 3 of the Dungeon.
You visited 1 branch of the dungeon, and saw 3 of its levels.

You collected 120 gold pieces.

Inventory:

Hand Weapons
 c - a +0 short sword (weapon)
Armour
 a - a +0 robe (worn)
 i - a +2 buckler (worn)
 o - a +0 cloak (worn)
Jewellery
 g - a ring of willpower
 l - a ring of resist corrosion
Scrolls
 b - 2 scrolls of noise {unknown}
 d - a scroll of torment {unknown}
 f - a scroll of teleportation {unknown}
 j - a scroll of identify {unknown}
 k - a scroll of vulnerability {unknown}
 n - a scroll of amnesia {unknown}
Potions
 e - a potion of haste {unknown}
 h - a potion of lignification {unknown}
 m - a potion of berserk rage {unknown}
 p - a potion of curing {unknown}


   Skills:
 - Level 1.0 Fighting
 - Level 1.7 Dodging
 - Level 1.7 Stealth
 + Level 1.0 Shields
 + Level 3.0 Spellcasting
 + Level 4.3 Ice Magic


You had 2 spell levels left.
You knew the following spells:

 Your Spells              Type           Power      Damage    Failure   Level
a - Freeze                Ice            80%        1d9       3%          1
b - Frozen Ramparts       Ice            40%        1d7       10%         3
c - Ozocubu's Armour      Ice            20%        N/A       10%         3

Your spell library contained the following spells:

 Spells                   Type           Power      Damage    Failure   Level
 Scorch                   Fire           6%         2d5       28%         2
 Confusing Touch          Hex            3%         N/A       50%         3
 Hailstorm                Conj/Ice       11%        3d5       61%         4
 Flame Wave               Conj/Fire      3%         2d5       88%         4
 Fireball                 Conj/Fire      1%         3d3       99%         5
 Iskenderun's Battlesphe  Conj           3%         2d6       99%         5
 Yara's Violent Unravell  Hex/Tmut       1%         3d3       99%         5
 Conjure Ball Lightning   Conj/Air       1%         3x3d6     100%        6
 Summon Cactus Giant      Summ           1%         N/A       100%        6
 Enfeeble                 Hex            1%         N/A       100%        7
 Orb of Destruction       Conj           1%         9d5       100%        7


Dungeon Overview and Level Annotations

Branches:
Dungeon (3/15)

Altars:
Fedhas


Innate Abilities, Weirdness & Mutations

A weak demonic guardian rushes to your aid.
You regenerate magic rapidly.
You have an unusually large brain. (Int +2)


Message History

The walls around you are covered in ice.
The wall freezes Ijyb.
Ijyb zaps a wand.
You resist with significant effort.
The wall freezes Ijyb but does no damage.
You freeze Ijyb.
Ijyb is lightly wounded.
The wall freezes Ijyb but does no damage.
Ijyb hits you with a +0 club.
You freeze Ijyb.
Ijyb is moderately wounded.
The wall freezes Ijyb.
Ijyb hits you with a +0 club.
You freeze Ijyb.
Ijyb is heavily wounded.
The wall freezes Ijyb.
Ijyb hits you with a +0 club.
You barely miss Ijyb.
Ijyb is heavily wounded.
The wall freezes Ijyb.
Ijyb zaps a wand.
You resist with significant effort.
The now-empty wand crumbles to dust.
You hit Ijyb.
Ijyb is almost dead.
The wall freezes Ijyb.
Ijyb hits you with a +0 club.
You hit Ijyb.
You kill Ijyb!
Training target 1.0 for Fighting reached!
Your Fighting skill increases to level 1!
Your Shields skill increases to level 1!
Your Spellcasting skill increases to level 3!
You have reached level 4!
You feel stronger.
Your demonic ancestry asserts itself...
Your brain expands.
The frozen ramparts melt away as you move.
p - a yellow potion
Things that are here:
a +0 club; a +0 leather armour You start resting.
Magic restored.
You start resting.
Fedhas invokes nature against you. The volley of thorns hits you!
Ouch! That really hurt!
You die...

###############w≈≈~~
#............#≈#≈~≈.
#...........#†~≈≈≈#
#...........<≈≈≈≈≈#
#####......#†≈≈≈~#~~
#.####.#~~≈≈~~~. #.#
#†..~≈~~≈~?
######'######~≈≈~#≈#.
#...@....# #~~~~≈#≈#
#........# ##≈≈~≈~≈~
#........# .#≈≈~.
#........# ~≈≈≈
#.......... #~~≈
#...........?
#.............
#..........###


You could see the enmity of Fedhas Madash (unaware).

Vanquished Creatures
  Ijyb (D:3)
  An adder (D:3)
  A worm (D:2)
  3 dart slugs
  5 ball pythons
  3 endoplasms
  2 giant cockroaches
  2 goblins (D:1)
  4 hobgoblins
  4 jackals (D:1)
  A quokka (D:1)
  6 bats
  3 frilled lizards
  3 kobolds
  3 rats (D:1)
42 creatures vanquished.

Notes
Turn   | Place    | Note
-------+----------+-------------------------------------------
     0 | D:1      | SigmundSlayer the Demonspawn Ice Elementalist began the
                  | quest for the Orb.
     0 | D:1      | Reached XP level 1. HP: 13/13 MP: 3/3
   391 | D:1      | Gained mutation: You regenerate magic rapidly. [demonic
                  | ancestry]
   391 | D:1      | Reached XP level 2. HP: 16/19 MP: 5/5
  1140 | D:1      | Reached skill level 4 in Ice Magic
  1684 | D:1      | Gained mutation: A weak demonic guardian rushes to your
                  | aid. [demonic ancestry]
  1684 | D:1      | Reached XP level 3. HP: 15/24 MP: 1/7
  1973 | D:2      | Learned a level 3 spell: Frozen Ramparts
  1977 | D:2      | Learned a level 3 spell: Ozocubu's Armour
  2811 | D:2      | Found a faded altar of an unknown god.
  2827 | D:2      | Prayed at the altar of an unknown god.
  2827 | D:2      | Became a worshipper of Fedhas Madash
  2827 | D:2      | Reached * piety under Fedhas
  2840 | D:2      | Fell from the grace of Fedhas
  2982 | D:3      | Noticed Ijyb
  2991 | D:3      | Killed Ijyb
  2992 | D:3      | Reached skill level 1 in Fighting
  2992 | D:3      | Reached skill level 1 in Shields
  2992 | D:3      | Gained mutation: You have an unusually large brain. (Int
                  | +2) [demonic ancestry]
  2992 | D:3      | Reached XP level 4. HP: 13/32 MP: 2/8
  3016 | D:3      | Killed by a volley of thorns

Illustrated notes

Levels and vault maps discovered:
D:1:      erik_arrival_cave_to_civilisation [erik_arrival_cave_to_hall],
          layout_basic
D:2:      layout_rooms, shapermc_ecumenical_altar_flowoftime
D:3:      kennysheep_slugbush, layout_basic, uniq_ijyb, uniq_terence

Skill      XL: |  1  2  3 |
---------------+----------+-----
Ice Magic      | 4 |  4.3
Fighting       | 1 |  1.0
Shields        | 1 |  1.0
Spellcasting   | 3 |  3.0
Dodging        | |  1.7
Stealth        | |  1.7

Action                   |  1- 3 |  4- 6 || total
-------------------------+-------+-------++-------
Melee: Unarmed           |     6 |       ||     6
       Short sword       |    45 |       ||    45
 Cast: Freeze            |    56 |       ||    56
       Frozen Ramparts   |     3 |       ||     3
Invok: Renounce Religion |     1 |       ||     1
  Use: Potion            |     2 |       ||     2
 Stab: Sleeping          |     1 |       ||     1
Armor: Robe              |    19 |       ||    19
Dodge: Dodged            |    68 |       ||    68
Block: Buckler           |    16 |       ||    16

Table legend: (Time is in decaauts)
 A = Elapsed time spent in this place.
 B = Non-inter-level travel time spent in this place.
 C = Inter-level travel time spent in this place.
 D = Time resting spent in this place.
 E = Time spent auto-exploring this place.
 F = Levels seen in this place.
 G = Mean time per level.
                   A        B        C        D        E       F      G
               +--------+--------+--------+--------+--------+-----+--------+
         Total |   3017 |   2929 |     88 |    845 |   1681 |   3 | 1005.7 |
       Dungeon |   3017 |   2929 |     88 |    845 |   1681 |   3 | 1005.7 |
               +--------+--------+--------+--------+--------+-----+--------+

Top non-repeatable levels by time:
     D:1: 1893 daAuts
     D:2: 1021 daAuts
     D:3: 102 daAuts
